 Dungeon Crawl Stone Soup version 0.19.3-1-g3169bf9 (webtiles) character file.

6213 Mefis the Thaumaturge (level 10, -3/50 HPs)
             Began as a Deep Elf Wizard on Jan 25, 2017.
             Was an Elder of Sif Muna.
             Slain by a manticore (5 damage)
             ... on level 10 of the Dungeon on Jan 26, 2017.
             The game lasted 00:39:45 (13135 turns).

Mefis the Thaumaturge (Deep Elf Wizard)            Turns: 13135, Time: 00:39:46

Health: -3/50      AC:  9    Str:  4    XL:     10   Next: 61%
Magic:  7/27       EV: 16    Int: 30    God:    Sif Muna [****..]
Gold:   333        SH:  0    Dex: 13    Spells: 9 memorised, 7 levels left

rFire  . . .     SeeInvis .     a - +2 whip (freeze)
rCold  + . .     Gourm    .     s - +1 robe {rN+}
rNeg   + . .     Faith    .     (no shield)
rPois  +         Spirit   .     R - +2 helmet {Int+3}
rElec  .         Reflect  .     v - +1 cloak
rCorr  .         Harm     .     S - +0 pair of gloves
MR     +....                    (no boots)
Stlth  ++........               (no amulet)
                                J - ring of protection from cold
                                r - ring of poison resistance

@: repel missiles
A: no striking features
a: Divine Energy, Channel Magic, Forget Spell, Renounce Religion


You were on level 10 of the Dungeon.
You worshipped Sif Muna.
Sif Muna was greatly pleased with you.
You were not hungry.

You visited 2 branches of the dungeon, and saw 11 of its levels.

You collected 618 gold pieces.
You spent 285 gold pieces at shops.

Inventory:

Hand Weapons
 a - a +2 whip of freezing (weapon)
 b - a +0 blowgun
 f - a +0 dagger
 z - a +1 flail of holy wrath
 F - a +0 hand axe of freezing
 G - a cursed -1 dagger
 H - a +1 flail of holy wrath
Missiles
 e - 116 sling bullets
 u - 53 poisoned needles
 C - 2 tomahawks of dispersal (quivered)
Armour
 l - a +0 robe
 s - a +1 robe of positive energy (worn)
 v - a +1 cloak (worn)
 w - a +0 hat
 R - a +2 helmet of intelligence (worn)
 S - a +0 pair of gloves (worn)
Jewellery
 r - a ring of poison resistance (left hand)
 I - an uncursed ring of flight
 J - a ring of protection from cold (right hand)
 Q - an uncursed ring of ice {unknown}
Wands
 K - a wand of enslavement (11/24)
 M - a wand of digging (20/24)
Scrolls
 g - 2 scrolls of noise
 i - 3 scrolls of remove curse
 n - 3 scrolls of teleportation
 o - a scroll of fog
 p - a scroll of recharging
 q - a scroll of enchant armour
 y - a scroll of magic mapping
 D - 2 scrolls of blinking {unknown}
 N - a scroll of enchant weapon {unknown}
 U - a scroll of amnesia {unknown}
 W - a scroll of identify
Potions
 h - a potion of berserk rage {unknown}
 j - 4 potions of curing
 k - 3 potions of lignification {unknown}
 x - 2 potions of flight {unknown}
 A - a potion of degeneration {unknown}
 B - 2 potions of might {unknown}
 E - a potion of cancellation {unknown}
 O - 2 potions of haste {unknown}
 P - a potion of mutation {unknown}
Books
 c - a book of Minor Magic

   Spells                             Type                      Level
   a - Magic Dart                     Conjuration                  1
   b - Blink                          Translocation                2
   c - Call Imp                       Summoning                    2
   d - Repel Missiles                 Charms/Air                   2
   e - Slow                           Hexes                        2
   f - Conjure Flame                  Conjuration/Fire             3
   g - Mephitic Cloud                 Conjuration/Poison/Air       3
 t - a book of Misfortune

   Spells                             Type                      Level
   a - Confusing Touch                Hexes                        1
   b - Confuse                        Hexes                        3
   c - Gell's Gravitas                Hexes/Translocation          3
   d - Petrify                        Transmutation/Earth          4
   e - Metabolic Englaciation         Hexes/Ice                    5
   f - Yara's Violent Unravelling     Hexes/Transmutation          5
Comestibles
 d - 6 bread rations
 m - 3 beef jerkies
 L - 3 fruits
 T - 10 royal jellies
 V - 2 chunks of flesh


   Skills:
 + Level 7.1 Dodging
 - Level 3.4 Stealth
 * Level 11.2 Spellcasting
 + Level 5.9 Conjurations
 + Level 6.6 Hexes
 - Level 1.1 Summonings
 - Level 1.1 Translocations
 + Level 4.0 Transmutations
 + Level 4.8 Ice Magic
 + Level 5.3 Air Magic
 + Level 4.2 Earth Magic
 + Level 3.5 Invocations
 + Level 2.8 Evocations


You had 7 spell levels left.
You knew the following spells:

 Your Spells              Type           Power        Failure   Level  Hunger
a - Magic Dart            Conj           ####         1%          1    None
b - Call Imp              Summ           ###.....     3%          2    None
c - Blink                 Tloc           N/A          3%          2    None
d - Repel Missiles        Chrm/Air       ####..       1%          2    None
e - Mephitic Cloud        Conj/Pois/Air  #####...     1%          3    None
f - Conjure Flame         Conj/Fire      ####....     2%          3    None
g - Slow                  Hex            ######..     1%          2    None
h - Petrify               Tmut/Erth      #####...     8%          4    None
w - Metabolic Englaciati  Hex/Ice        ######....   10%         5    ###....


Dungeon Overview and Level Annotations

Branches:
Dungeon (10/15)            Temple (1/1) D:5            Lair (0/6) D:8
    Orc: D:9-12

Altars:
Ashenzari
Cheibriados
Dithmenos
Elyvilon
Fedhas
Gozag
Hepliaklqana
Kikubaaqudgha
Makhleb
Nemelex Xobeh
Qazlal
Ru
Sif Muna
Trog
Uskayaw
Vehumet
Xom
Yredelemnul
Zin
The Shining One

Shops:
D:8 ([

Annotations:
D:3 Paps's ghost, amateur MiFi
D:10 Psyche


Message History

The manticore is engulfed in noxious fumes.
The manticore bites you. The manticore claws you! The manticore misses you.
The manticore is engulfed in noxious fumes.
The manticore bites you.
* * * LOW HITPOINT WARNING * * *
The manticore barely misses you. The manticore closely misses you.
Casting: Mephitic Cloud
Confirm with . or Enter, or press ? or * to list all spells.
Aiming: Magic Dart
Press: ? - help, Shift-Dir - straight line, f/p - manticore
Aim: a manticore (noxious fumes, severely wounded)
The magic dart hits the manticore.
The manticore is severely wounded.
The manticore is engulfed in noxious fumes.
The manticore bites you.
* * * LOW HITPOINT WARNING * * *
The manticore claws you.
* * * LOW HITPOINT WARNING * * *
The manticore claws you.
You die...

##### #...
##.. #§.#
#§H# #@§#
##§## #Y.#
#..# #..#
#..#
#######..#
#........#
#........#


You could see a manticore and an ice beast.

Vanquished Creatures
  A hill giant (D:9)
  Pikel (D:6)
  A centaur skeleton (D:7)
  2 two-headed ogres
  2 hornets
  2 hippogriffs (D:9)
  5 yaks (D:9)
  A hungry ghost (D:8)
  An orc warrior (D:7)
  A slave (D:6)
  A phantom (D:7)
  3 ogres
  2 necrophages
  2 centaurs
  A big kobold (D:7)
  4 bullfrogs
  A scorpion (D:8)
  9 killer bees
  A wight (D:9)
  3 howler monkeys (D:9)
  A bullfrog zombie (D:5)
  A crimson imp (D:7)
  6 jellies
  4 orc priests
  3 hounds
  3 bullfrog skeletons
  7 orc wizards
  3 worker ants
  A hound skeleton (D:8)
  A worker ant zombie (D:6)
  9 gnolls
  10 adders
  8 oozes
  2 adder zombies
  An adder skeleton (D:6)
  2 worms (D:2)
  A dart slug (D:2)
  4 leopard geckos
  33 orcs
  2 ball pythons
  8 bats
  4 giant cockroaches
  9 goblins
  11 hobgoblins
  10 jackals
  7 quokkas
  4 frilled lizards (D:2)
  12 kobolds
  A quokka skeleton (D:4)
  10 rats
  A spectral orc (D:4)
223 creatures vanquished.

Vanquished Creatures (collateral kills)
  The ghost of Mefis the Magician, a novice DEWz (D:5)
  An ogre (D:9)
  Blork the orc (D:6)
  A gnoll sergeant (D:8)
  2 killer bees
  An orc priest (D:3)
  A gnoll (D:8)
  An adder (D:3)
  A leopard gecko (D:3)
  3 orcs (D:3)
  A giant cockroach (D:1)
  A goblin (D:3)
  6 jackals
  A quokka (D:6)
22 creatures vanquished.

Vanquished Creatures (others)
  A slave (D:9)
  2 wights (D:9)
  A killer bee (D:9)
4 creatures vanquished.

Grand Total: 249 creatures vanquished

Notes
Turn   | Place    | Note
-------+----------+-------------------------------------------
     0 | D:1      | Mefis the Deep Elf Wizard began the quest for the Orb.
     0 | D:1      | Reached XP level 1. HP: 10/10 MP: 7/7
   194 | D:1      | Reached XP level 2. HP: 11/15 MP: 2/9
   509 | D:1      | Learned a level 2 spell: Call Imp
   512 | D:1      | Learned a level 2 spell: Blink
   515 | D:1      | Learned a level 2 spell: Repel Missiles
  1402 | D:1      | Reached XP level 3. HP: 19/19 MP: 9/11
  1407 | D:1      | Learned a level 3 spell: Mephitic Cloud
  1837 | D:1      | Reached skill level 1 in Air Magic
  2079 | D:1      | Reached skill level 5 in Spellcasting
  2125 | D:2      | Reached XP level 4. HP: 24/24 MP: 2/13
  2136 | D:1      | Learned a level 3 spell: Conjure Flame
  3190 | D:3      | Reached XP level 5. HP: 26/28 MP: 9/15
  3211 | D:3      | Learned a level 2 spell: Slow
  3220 | D:3      | Noticed Paps's ghost (amateur MiFi)
  3241 | D:3      | You fall through a shaft for 3 floors!
  3469 | D:5      | Entered Level 5 of the Dungeon
  3469 | D:5      | Noticed a centaur
  3971 | D:3      | Reached skill level 6 in Spellcasting
  4398 | D:3      | Reached skill level 1 in Hexes
  4453 | D:2      | Reached XP level 6. HP: 20/32 MP: 0/17
  5852 | D:4      | Reached skill level 7 in Spellcasting
  6055 | D:4      | Reached XP level 7. HP: 36/36 MP: 12/19
  6236 | D:4      | Found a basalt altar of Yredelemnul.
  7119 | D:5      | Found a staircase to the Ecumenical Temple.
  7141 | Temple   | Entered the Ecumenical Temple
  7288 | Temple   | Became a worshipper of Sif Muna the Loreminder
  7324 | D:5      | Reached skill level 5 in Dodging
  7324 | D:5      | Reached skill level 8 in Spellcasting
  7337 | D:5      | Learned a level 5 spell: Metabolic Englaciation
  7446 | D:5      | Noticed Mefis's ghost (novice DEWz)
  7470 | D:5      | Killed Mefis's ghost
  7470 | D:5      | Reached skill level 1 in Ice Magic
  7470 | D:5      | Reached XP level 8. HP: 33/41 MP: 16/22
  7476 | D:5      | Learned a level 4 spell: Petrify
  7980 | D:5      | Reached * piety under Sif Muna
  8286 | D:6      | Found a snail-covered altar of Cheibriados.
  8287 | D:6      | Found a sacrificial altar of Ru.
  8312 | D:6      | Reached skill level 1 in Earth Magic
  8364 | D:6      | Noticed Blork the orc
  8389 | D:6      | Killed Blork the orc
  8389 | D:6      | Reached skill level 9 in Spellcasting
  8662 | D:6      | Reached skill level 1 in Transmutations
  9074 | D:6      | Noticed Pikel
  9106 | D:6      | Killed Pikel
  9106 | D:6      | Reached skill level 5 in Hexes
  9106 | D:6      | Reached XP level 9. HP: 45/45 MP: 12/24
  9486 | D:7      | Reached skill level 5 in Conjurations
  9489 | D:7      | Reached ** piety under Sif Muna
  9913 | D:7      | Reached skill level 1 in Invocations
 10001 | D:7      | Reached skill level 10 in Spellcasting
 10755 | D:8      | Reached skill level 1 in Evocations
 11108 | D:8      | Found a sparkling altar of Nemelex Xobeh.
 11310 | D:8      | Found Deasureh's Antique Weapon Emporium.
 11322 | D:8      | Found Xusuc's Armour Emporium.
 11330 | D:8      | Bought a +2 helmet of intelligence for 236 gold pieces
 11330 | D:8      | Bought a +0 pair of gloves for 49 gold pieces
 11393 | D:8      | Found a staircase to the Lair.
 11416 | D:9      | Reached *** piety under Sif Muna
 11416 | D:9      | Reached XP level 10. HP: 40/50 MP: 7/26
 11698 | D:9      | Reached skill level 5 in Air Magic
 11797 | D:9      | Reached skill level 11 in Spellcasting
 11907 | D:9      | Noticed a hill giant
 11972 | D:9      | Killed a hill giant
 12656 | D:9      | Reached **** piety under Sif Muna
 12767 | D:10     | Entered Level 10 of the Dungeon
 12777 | D:10     | Noticed Psyche
 13112 | D:10     | Noticed a manticore
 13135 | D:10     | HP: 2/50 [manticore (4)]
 13135 | D:10     | Slain by a manticore

Skill      XL: |  1  2  3  4  5  6  7  8  9 10 |
---------------+-------------------------------+-----
Stealth        | 3 |  3.4
Conjurations   | 2 3 4 5 |  5.9
Air Magic      | 1 2 3 4 5 |  5.3
Dodging        | 3 4 5 6 7 |  7.1
Spellcasting   | 5 6 7 8 9 10 11 | 11.2
Hexes          | 1 3 4 5 6 |  6.6
Ice Magic      | 1 2 4 |  4.8
Earth Magic    | 2 3 4 |  4.2
Transmutations | 2 3 4 |  4.0
Invocations    | 2 3 |  3.5
Evocations     | 1 2 |  2.8
Summonings     | |  1.1
Translocations | |  1.1

Action                   |  1- 3 |  4- 6 |  7- 9 | 10-12 || total
-------------------------+-------+-------+-------+-------++-------
Melee: Dagger            |     5 |    31 |       |       ||    36
       Flail             |       |     4 |    11 |       ||    15
       Whip              |       |       |    21 |    24 ||    45
 Fire: Blowgun           |       |    50 |    42 |    36 ||   128
Throw: Tomahawk          |       |       |     1 |       ||     1
 Cast: Magic Dart        |    98 |   177 |   307 |   147 ||   729
       Call Imp          |     7 |    12 |     8 |       ||    27
       Blink             |     2 |     3 |     3 |     3 ||    11
       Repel Missiles    |     1 |     1 |     1 |       ||     3
       Mephitic Cloud    |     2 |    18 |    25 |     9 ||    54
       Conjure Flame     |       |       |     8 |     5 ||    13
       Slow              |       |       |       |     3 ||     3
  Use: Scroll            |       |     5 |     2 |       ||     7
       Potion            |       |       |     1 |       ||     1
 Stab: Confused          |       |     2 |     1 |     2 ||     5
  Eat: Chunk             |     3 |    13 |    11 |     5 ||    32
       Meat ration       |       |       |     1 |       ||     1
Armor: Robe              |     7 |    15 |    21 |    13 ||    56
Dodge: Dodged            |    26 |    90 |   107 |    52 ||   275
       Deflected         |       |     8 |     5 |     2 ||    15
